 Dungeon Crawl Stone Soup version 0.26.0-10-g1f06aea511 (webtiles) character file.

Game seed: 7112012006146130046

114 Borgoz the Slasher (level 4, 0/38 HPs)
             Began as a Ghoul Gladiator on Jan 15, 2021.
             Slain by a goblin
             ... wielding a +0 dagger
             ... led by Robin
              (5 damage)
             ... on level 3 of the Dungeon.
             The game lasted 00:03:37 (1834 turns).

Borgoz the Slasher (Ghoul Gladiator)                Turns: 1834, Time: 00:03:38

Health: 0/38       AC:  5    Str: 17    XL:     4   Next: 97%
Magic:  3/3        EV: 12    Int:  3    God:
Gold:   84         SH:  0    Dex: 11    Spells: 3/3 levels left

rFire    . . .     SeeInvis .   a - +1 long sword
rCold    + . .     Faith    .   (no shield)
rNeg     + + +     Spirit   .   b - +0 leather armour
rPois    ∞         Reflect  .   c - +1 helmet
rElec    .         Harm     .   (no cloak)
rCorr    .         Rampage  .   (no gloves)
Will     .....                  (no boots)
Stlth    +.........             (no amulet)
HPRegen  0.00/turn              (no ring)
MPRegen  0.08/turn              (no ring)

@: no status effects
A: claws 1, cold resistance 1, negative energy resistance 3, inhibited
regeneration, torment resistance, unbreathing
a: no special abilities


You were on level 3 of the Dungeon.
You visited 1 branch of the dungeon, and saw 3 of its levels.

You collected 84 gold pieces.

Inventory:

Hand Weapons
 a - a +1 long sword (weapon)
Missiles
 d - 2 throwing nets (quivered)
Armour
 b - a +0 leather armour (worn)
 c - a +1 helmet (worn)
Scrolls
 g - 2 scrolls of identify
 h - 2 scrolls of teleportation
 l - 2 scrolls of blinking
 m - a scroll of enchant armour
Potions
 e - 3 potions of flight
 f - a potion of cancellation
 i - a potion of mutation {unknown}
 j - a potion of magic {unknown}
 k - a potion of haste


   Skills:
 + Level 3.1 Fighting
 * Level 3.7 Long Blades
 - Level 1.7 Throwing
 + Level 1.5 Armour
 + Level 3.2 Dodging


You had 3 spell levels left.
You didn't know any spells.
Your spell library was empty.

Dungeon Overview and Level Annotations

Branches:
Dungeon (3/15)

Altars:
Cheibriados
Vehumet

Annotations:
D:3 Robin


Innate Abilities, Weirdness & Mutations

You thrive by killing the living.
You are immune to poison.
You have sharp fingernails.
Your flesh is cold resistant. (rC+)
You are immune to negative energy. (rN+++)
You do not regenerate when monsters are visible.
You are immune to unholy pain and torment.
You can survive without breathing.


Message History

You riposte.
You hit the orc.
The orc is moderately wounded.
The goblin barely misses you.
You riposte.
You slash the goblin!
You kill the goblin!
You hit the orc.
The orc is heavily wounded.
Robin throws the goblin at you! Something hits you but does no damage.
The goblin hits you but does no damage. The goblin hits you with a +0 dagger.
The orc barely misses you.
You closely miss something. Something hits you but does no damage.
The goblin hits you but does no damage. The orc closely misses you.
The goblin hits you with a +0 dagger. The goblin hits you with a +0 club.
* * * LOW HITPOINT WARNING * * *
The orc barely misses you. Something barely misses you. The orc hits you.
* * * LOW HITPOINT WARNING * * *
The goblin hits you but does no damage.
You hit something but do no damage. Something hits you.
* * * LOW HITPOINT WARNING * * *
The goblin hits you with a +0 dagger.
You die...

######.#..)...####<#.####
...............+..........
#########......##..)..####
...#.#######.#.....##
#.##.#.#######.#.###...
#.......[...##.#.. #..#
####.#)....!## ... #..#
##+#.g...........#...
#..h@gg.....####.#..#
#..goog.....####+....
#...gggg....#.....)#.
#...g.g.....#.....###
#..$........#......#.
#...........#........
#...........#......#.
#.<.........#.....###
#......#.


You could see Robin, 2 orcs, a jackal, 2 hobgoblins and 8 goblins.

Vanquished Creatures
  A gnoll (D:1)
  2 adders (D:2)
  2 oozes
  A worm (D:3)
  4 dart slugs
  A leopard gecko (D:1)
  An orc (D:3)
  2 giant cockroaches
  6 hobgoblins
  8 jackals
  5 kobolds
  2 quokkas
  A ball python (D:1)
  3 bats
  2 frilled lizards
  12 goblins
  5 rats
58 creatures vanquished.

Vanquished Creatures (others)
  A worm (D:2)
1 creature vanquished.

Grand Total: 59 creatures vanquished

Notes
Turn   | Place    | Note
-------+----------+-------------------------------------------
     0 | D:1      | Borgoz the Ghoul Gladiator began the quest for the Orb.
     0 | D:1      | Reached XP level 1. HP: 17/17 MP: 0/0
   156 | D:1      | Reached XP level 2. HP: 25/25 MP: 1/1
   234 | D:1      | Reached XP level 3. HP: 14/30 MP: 2/2
   452 | D:1      | Reached skill level 1 in Armour
   828 | D:2      | Reached XP level 4. HP: 30/37 MP: 3/3
  1079 | D:2      | Found a snail-covered altar of Cheibriados.
  1473 | D:3      | Found a radiant altar of Vehumet.
  1828 | D:3      | Noticed Robin
  1834 | D:3      | Slain by a goblin

Illustrated notes

Levels and vault maps discovered:
D:1:      erik_arrival_orb_chamber, layout_rooms, hangedman_decor_points
D:2:      layout_loops_cross, serial_rivers, chequers_serial_rivers_micro_c,
          chequers_serial_rivers_room_b, chequers_serial_rivers_micro_c,
          chequers_serial_rivers_micro_d, kennysheep_slug_shrine
D:3:      layout_basic, vehumet_crystals, nemelex_lonely_heart_becter,
          uniq_natasha, uniq_robin

Skill      XL: |  1  2  3  4 |
---------------+-------------+-----
Long Blades    | 3 |  3.7
Armour         | 1 |  1.5
Dodging        | 3 |  3.2
Fighting       | 3 |  3.1
Throwing       | |  1.7

Action                   |  1- 3 |  4- 6 || total
-------------------------+-------+-------++-------
Melee: Long sword        |    71 |    75 ||   146
Throw: Throwing net      |     1 |       ||     1
  Use: Scroll            |       |     9 ||     9
 Stab: Held in net/web   |     1 |       ||     1
       Sleeping          |       |     1 ||     1
Armor: Leather armour    |    25 |    24 ||    49
Dodge: Dodged            |    74 |    53 ||   127
       Rpst.: Long sword |    32 |    17 ||    49
